 Dungeon Crawl Stone Soup version 0.31-a0-187-gba352fbbf7 (webtiles) character file.

Game seed: 8703993986006366030

658 qw the Markself (level 7, -2/41 HPs)
             Began as a Deep Elf Hunter on June 22, 2023.
             Slain by an ogre
             ... wielding a +0 giant spiked club
              (26 damage)
             ... on level 5 of the Dungeon.
             The game lasted 00:01:16 (2959 turns).

qw the Markself (Deep Elf Hunter)                   Turns: 2959, Time: 00:01:17

Health: -2/41      AC:  9    Str: 10    XL:     7   Next: 29%
Magic:  9/9        EV: 11    Int: 14    God:
Gold:   170        SH:  0    Dex: 18    Spells: 6/6 levels left

rFire   . . .        Y - +0 shortbow
rCold   . . .        (shield currently unavailable)
rNeg    . . .        c - +0 ring mail
rPois   .            g - +0 helmet
rElec   .            j - +2 cloak
rCorr   .            (no gloves)
SInv    .            (no boots)
Will    .....        (no amulet)
Stlth   +            (no ring)
HPRegen 0.26/turn    (no ring)
MPRegen 0.11/turn

%: no passive effects
@: no status effects
A: no striking features
a: no special abilities


You were on level 5 of the Dungeon.
You visited 2 branches of the dungeon, and saw 6 of its levels.

You collected 296 gold pieces.
You spent 126 gold pieces at shops.


   Skills:
 - Level 3.0 Fighting
 - Level 16.1 Ranged Weapons
 - Level 1.2 Armour
 + Level 3.6 Dodging
 - Level 1.2 Stealth


You had 6 spell levels left.
You didn't know any spells.
Your spell library was empty.

Inventory:

Hand Weapons
 Y - a +0 shortbow (weapon)
Armour
 c - a +0 ring mail (worn)
 g - a +0 helmet (worn)
 j - a +2 cloak (worn)
Scrolls
 a - a scroll of fear {unknown}
 b - 9 scrolls of identify
 e - 2 scrolls of teleportation
Potions
 d - a potion of mutation
 f - a potion of haste
 h - a potion of degeneration {unknown}
 i - 2 potions of might
 q - 2 potions of curing

Dungeon Overview and Level Annotations

Branches:
Dungeon (5/15)             Temple (1/1) D:4

Altars:
Ashenzari
Dithmenos
Fedhas
Gozag
Hepliaklqana
Makhleb
Sif Muna
Vehumet
Wu Jian
Xom
Zin
The Shining One
Ignis

Shops:
D:3 ?


Message History

Enter note:
Enter note:
Found a stone staircase leading up.
Enter note:
Enter note:
Enter note:
Enter note: You see here a book of the Hunter.
You open the door.
Found 4 stones.
Enter note:
Enter note:
Enter note:
Enter note:
There is an open door here.
An ogre comes into view. It is wielding a +0 giant spiked club.
The ogre shouts!
Enter note:
Enter note:
Enter note:
Enter note:
Enter note:
Enter note:
Enter note:
Enter note: You shoot an arrow.
The arrow hits the ogre.
The ogre is lightly wounded.
You shoot an arrow. The arrow barely misses the ogre.
You shoot an arrow. The arrow barely misses the ogre.
You shoot an arrow. The arrow hits the ogre!
The ogre is heavily wounded.
The ogre hits you with a +0 giant spiked club!
You shoot an arrow.
The arrow hits the ogre but does no damage.
The ogre is heavily wounded.
You shoot an arrow. The arrow hits the ogre.
The ogre is severely wounded.
The ogre hits you with a +0 giant spiked club!!
Ouch! That really hurt!
You die...

#....##.#..##.#..##.#..
#....#.##..#.##..#.##..
#..##....##....##....##
#...#.##..#.##..#.##..#
#..#..##.#..##.#..##.#.
#..##....##....##....##
#....##.#..##.#..##.#..
#....#.##..#.##..#.##..
#..##.@O.##.. .## . ##
#...#.##..#.##. .#
#..#..## #..## #..##..
... .....## . .... . ##


You could see an ogre.

Vanquished Creatures
  An ice beast (D:5)
  A black bear (D:5)
  A phantom (D:5)
  2 scorpions (D:5)
  A hound (D:5)
  An iguana (D:5)
  Robin (D:3)
  6 adders
  An ufetubus (D:4)
  A worm (D:3)
  A dart slug (D:4)
  7 orcs (D:3)
  10 endoplasms
  3 giant cockroaches
  13 goblins
  3 hobgoblins
  2 quokkas
  8 ball pythons
  6 bats
  2 frilled lizards
  7 kobolds
  3 rats
81 creatures vanquished.

Notes
Turn   | Place    | Note
-------+----------+-------------------------------------------
     0 | D:1      | qw the Deep Elf Hunter began the quest for the Orb.
     0 | D:1      | Reached XP level 1. HP: 12/12 MP: 3/3
     0 | D:1      | 0 ||| qw: Version: 0.3-a-9-g12657ce
     0 | D:1      | 0 ||| qw: Game counter: 2372
     0 | D:1      | 0 ||| qw: Always use a shield: true
     0 | D:1      | 0 ||| qw: God list: Okawaru
     0 | D:1      | 0 ||| qw: Allow faded altars: false
     0 | D:1      | 0 ||| qw: Do Orc after D:15 true
     0 | D:1      | 0 ||| qw: Do second Lair branch before Depths: true
     0 | D:1      | 0 ||| qw: Lair rune preference: random
     0 | D:1      | 0 ||| qw: Plans: Normal
     0 | D:1      | 0 ||| PLANNING D:1-11
   419 | D:1      | Reached skill level 6 in Ranged Weapons
   419 | D:1      | Reached XP level 2. HP: 16/16 MP: 4/4
   640 | D:1      | 640 ||| UPGRADING to +0 scale mail.
   650 | D:1      | 650 ||| DROPPING +0 leather armour.
   651 | D:1      | 651 ||| READING scroll labelled WUNIXAPROA.
   652 | D:1      | 652 ||| READING scroll labelled REORUA KUUJ.
   653 | D:1      | 653 ||| READING scroll labelled TALUCWUTITU.
   654 | D:1      | 654 ||| READING scroll labelled FIEZXA SU QOO.
   659 | D:1      | 659 ||| READING scroll labelled DYNIC QECRONT.
   760 | D:1      | 760 ||| DRINKING 2 black potions.
   761 | D:1      | 761 ||| DRINKING 2 sedimented inky potions.
   820 | D:1      | 820 ||| DRINKING 2 emerald potions.
   821 | D:1      | 821 ||| DROPPING scroll of butterflies.
   822 | D:1      | 822 ||| DROPPING potion of lignification.
   823 | D:1      | 823 ||| DROPPING potion of brilliance.
   870 | D:2      | Reached XP level 3. HP: 18/20 MP: 5/5
   934 | D:2      | Reached skill level 7 in Ranged Weapons
  1090 | D:2      | Reached XP level 4. HP: 11/25 MP: 6/6
  1325 | D:2      | 1325 ||| DROPPING +6 ring of intelligence.
  1326 | D:2      | 1326 ||| READING scroll labelled WACZUL LIMN.
  1327 | D:2      | 1327 ||| DRINKING 2 dark potions.
  1328 | D:2      | 1328 ||| DRINKING 3 white potions.
  1329 | D:2      | 1329 ||| READING 3 scrolls of identify.
  1329 | D:2      | 1329 ||| IDENTIFYING murky orange potion
  1330 | D:2      | 1330 ||| READING 2 scrolls of identify.
  1330 | D:2      | 1330 ||| IDENTIFYING ruby potion
  1331 | D:2      | 1331 ||| DRINKING potion of experience.
  1331 | D:2      | Reached skill level 16 in Ranged Weapons
  1331 | D:2      | Reached XP level 5. HP: 29/29 MP: 7/7
  1391 | D:3      | Noticed Robin
  1402 | D:3      | HP: 7/30 [goblin/+0 club[Robin] (5)]
  1403 | D:3      | 1403 ||| READING scroll of teleportation.
  1404 | D:3      | 1404 ||| DRINKING potion of heal wounds.
  1584 | D:3      | Found Wiweh's Magic Scroll Boutique.
  1588 | D:3      | 1588 ||| BUYING scroll of identify (28 gold).
  1588 | D:3      | Bought a scroll of identify for 28 gold pieces
  1588 | D:3      | 1588 ||| BUYING scroll of identify (28 gold).
  1588 | D:3      | Bought a scroll of identify for 28 gold pieces
  1588 | D:3      | 1588 ||| BUYING scroll of identify (28 gold).
  1588 | D:3      | Bought a scroll of identify for 28 gold pieces
  1588 | D:3      | 1588 ||| BUYING scroll of teleportation (42 gold).
  1588 | D:3      | Bought a scroll of teleportation for 42 gold pieces
  1588 | D:3      | 1588 ||| SHOPLISTING scroll of teleportation (42 gold, have
                  | 25).
  1720 | D:3      | Killed Robin
  1926 | D:3      | 1926 ||| UPGRADING to +0 ring mail.
  1936 | D:3      | 1936 ||| UPGRADING to +0 helmet.
  1941 | D:3      | 1941 ||| UPGRADING to +2 cloak.
  1946 | D:3      | 1946 ||| DROPPING +0 scale mail.
  1947 | D:3      | 1947 ||| READING scroll labelled XUIHES BISM.
  1948 | D:3      | 1948 ||| DRINKING 2 green potions.
  1949 | D:3      | 1949 ||| READING 8 scrolls of identify.
  1949 | D:3      | 1949 ||| IDENTIFYING bubbling emerald potion
  1950 | D:3      | 1950 ||| DROPPING potion of invisibility.
  2376 | D:4      | Found a staircase to the Ecumenical Temple.
  2377 | D:4      | 2377 ||| PLANNING TEMPLE
  2385 | Temple   | Entered the Ecumenical Temple
  2449 | Temple   | 2449 ||| PLANNING D:1-11
  2588 | D:5      | Entered Level 5 of the Dungeon
  2618 | D:5      | Noticed a phantom
  2623 | D:5      | Killed a phantom
  2624 | D:5      | Reached skill level 1 in Armour
  2624 | D:5      | Reached XP level 6. HP: 35/35 MP: 8/8
  2657 | D:5      | Reached skill level 3 in Dodging
  2676 | D:5      | Noticed an ice beast
  2692 | D:5      | Killed an ice beast
  2693 | D:5      | Reached XP level 7. HP: 30/40 MP: 9/9
  2768 | D:5      | Reached skill level 3 in Fighting
  2959 | D:5      | Slain by an ogre

Levels and vault maps discovered:
D:1:      roderic_crop_circles_arrival_small, layout_loops_ring, minmay_tall_x
D:2:      layout_rooms
D:3:      layout_basic, serial_shops, shop, minmay_misc_feat_diagonals,
          uniq_robin
D:4:      layout_basic, temple_hall
D:5:      layout_gridville, gammafunk_temple_of_torment, serial_shops, shop,
          shop, shop_statue, nicolae_eternal_life, uniq_crazy_yiuf_cottage
Temple:   ebering_untended_altars

Skill      XL: |  1  2  3  4  5  6  7 |
---------------+----------------------+-----
Ranged Weapons | 6 7 16 | 16.1
Fighting       | 2 3 |  3.0
Armour         | 1 |  1.2
Dodging        | 3 |  3.6
Stealth        | |  1.2

Action                     |  1- 3 |  4- 6 |  7- 9 || total
---------------------------+-------+-------+-------++-------
   Fire: Shortbow          |    73 |   159 |    24 ||   256
    Use: Scroll            |     5 |     6 |       ||    11
         Potion            |     3 |     5 |       ||     8
 Armour: Scale mail        |    15 |    20 |       ||    35
         Ring mail         |       |     9 |     2 ||    11
  Dodge: Dodged            |    28 |    22 |     1 ||    51

Table legend:
 A = Non-vault XP
 B = Vault XP
 C = Vault XP percentage of total XP
 D = Non-vault monster count
 E = Vault monster count
 F = Vault count percentage of total count
                 A         B        C        D         E       F
            +---------+---------+-------+---------+---------+-------
      Total |     794 |      40 |   4.8 |      66 |      15 |  18.5
            +---------+---------+-------+---------+---------+-------
        D:1 |       7 |       6 |  46.2 |       5 |       4 |  44.4
        D:2 |      93 |       0 |   0.0 |      26 |       0 |   0.0
        D:3 |      58 |      34 |  37.0 |      20 |      11 |  35.5
        D:4 |      33 |       0 |   0.0 |       7 |       0 |   0.0
        D:5 |     603 |       0 |   0.0 |       8 |       0 |   0.0
            +---------+---------+-------+---------+---------+-------
